Selects Advanced Infantry Battlegroup
Selects Advanced Infantry Battlegroup
Selects Advanced Infantry Battlegroup
Selects Convert to Ranger Squad
Construct Medical Station
Selects Frontline Medical Station
Frontline Medical Station
Selects Ranger Weapon Training
Selects Ammunition Storage
Selects M2A1 105mm Howitzer Emplacement
Construct Weapon Support Center
Selects 155mm Rapid Artillery Barrage
155mm Rapid Artillery Barrage